 Dungeon Crawl Stone Soup version 0.31-a0-229-g1fc7ce93e2 (webtiles) character file.

Game seed: 10418281946891456653

57 qw the Shooter (level 3, 0/29 HPs)
             Began as a Minotaur Hexslinger on July 6, 2023.
             Slain by a gnoll
             ... wielding a +0 club
              (3 damage)
             ... on level 2 of the Dungeon.
             The game lasted 00:00:22 (956 turns).

qw the Shooter (Minotaur Hexslinger)                 Turns: 956, Time: 00:00:22

Health: 0/29       AC:  2    Str: 12    XL:     3   Next: 73%
Magic:  3/3        EV: 12    Int: 10    God:
Gold:   44         SH:  0    Dex: 14    Spells: 3/4 levels left

rFire   . . .        Y - +1 sling
rCold   . . .        (no shield)
rNeg    . . .        c - +0 robe
rPois   .            (helmet restricted)
rElec   .            (no cloak)
rCorr   .            (no gloves)
SInv    .            (no boots)
Will    .....        (no amulet)
Stlth   +            (no ring)
HPRegen 0.24/turn    (no ring)
MPRegen 0.08/turn

%: no passive effects
@: no status effects
A: horns 2, retaliatory headbutt
a: no special abilities


You were on level 2 of the Dungeon.
You visited 1 branch of the dungeon, and saw 2 of its levels.

You collected 44 gold pieces.


Innate Abilities, Weirdness & Mutations

You have a pair of horns on your head.
You reflexively headbutt those who attack you in melee.


   Skills:
 - Level 2.0 Fighting
 + Level 4.3 Ranged Weapons
 - Level 2.1 Dodging
 - Level 1.0 Spellcasting
 - Level 2.0 Hexes


You had 3 spell levels left.
You knew the following spells:

 Your Spells              Type           Power      Damage    Failure   Level
a - Slow                  Hex            16%        N/A       16%         1

Your spell library contained the following spells:

 Spells                   Type           Power      Damage    Failure   Level
 Inner Flame              Hex/Fire       2%         N/A       56%         3
 Portal Projectile        Hex/Tloc       4%         N/A       56%         3
 Cause Fear               Hex            2%         N/A       83%         4

Inventory:

Hand Weapons
 Y - a +1 sling (weapon)
Armour
 c - a +0 robe (worn)
Scrolls
 a - a scroll of teleportation
Potions
 d - a potion of mutation {unknown}
 e - a potion of heal wounds {unknown}

Dungeon Overview and Level Annotations

Branches:
Dungeon (2/15)

Altars:


Message History

A gnoll comes into view. It is wielding a +0 flail.
The gnoll shouts!
You see here a scroll labelled PYOQU SIKEIBI.
You shoot a sling bullet.
The sling bullet barely misses the gnoll.
A gnoll comes into view. It is wielding a +0 club.
A gnoll comes into view. It is wielding a +0 spear.
You shoot a sling bullet. The gnoll shouts!
The sling bullet hits the gnoll but does no damage.
You hear an angry hiss.
You shoot a sling bullet.
The sling bullet hits the gnoll but does no damage.
You shoot a sling bullet. The sling bullet hits the gnoll.
The gnoll is heavily wounded.
A ball python comes into view.
You shoot a sling bullet. The ball python hisses angrily.
The sling bullet hits the gnoll but does no damage.
The gnoll is moderately wounded.
The gnoll barely misses you.
You shoot a sling bullet.
The sling bullet completely misses the gnoll.
The sling bullet hits the gnoll.
The gnoll is lightly wounded.
The gnoll completely misses you. You furiously retaliate!
You headbutt the gnoll!
You kill the gnoll!
You shoot a sling bullet. The sling bullet hits the gnoll.
The gnoll is moderately wounded.
The gnoll hits you from afar with a +0 spear!
You shoot a sling bullet.
The sling bullet closely misses the gnoll.
The gnoll barely misses you. The gnoll hits you with a +0 club.
You shoot a sling bullet. The sling bullet hits the gnoll.
The gnoll is heavily wounded.
The gnoll hits you with a +0 club.
The gnoll hits you from afar with a +0 spear!
The gnoll hits you with a +0 club.
You die...

#....#.######.#
.... ...###..#
... .... .
####.## ....
..... #....#
..... ....
#%#### .....
##... #.#####..
.....
##...g##.......#
#...#S)...######
......g@..#
...###.##...#
... ##.... #.##
###.# ... . ..#
..# .#


You could see 2 gnolls and a ball python.

Vanquished Creatures
  A gnoll (D:2)
  An adder (D:2)
  A worm (D:2)
  7 endoplasms
  A giant cockroach (D:1)
  A goblin (D:1)
  3 hobgoblins
  2 kobolds (D:1)
  2 quokkas
  3 ball pythons (D:1)
  5 bats
  2 frilled lizards
  3 rats
32 creatures vanquished.

Notes
Turn   | Place    | Note
-------+----------+-------------------------------------------
     0 | D:1      | qw the Minotaur Hexslinger began the quest for the Orb.
     0 | D:1      | Reached XP level 1. HP: 16/16 MP: 1/1
     0 | D:1      | 0 ||| qw: Version: 0.3-a-46-gb1f654a
     0 | D:1      | 0 ||| qw: Game counter: 1609
     0 | D:1      | 0 ||| qw: Melee chars always use a shield: true
     0 | D:1      | 0 ||| qw: God list: Okawaru
     0 | D:1      | 0 ||| qw: Allow faded altars: false
     0 | D:1      | 0 ||| qw: Do Orc after clearing Dungeon:15 true
     0 | D:1      | 0 ||| qw: Do second Lair branch before Depths: true
     0 | D:1      | 0 ||| qw: Lair rune preference: random
     0 | D:1      | 0 ||| qw: Goals: Normal
     0 | D:1      | 0 ||| PLANNING D:1-11
    59 | D:1      | Found a faded altar of an unknown god.
   115 | D:1      | Reached skill level 3 in Ranged Weapons
   125 | D:1      | Reached XP level 2. HP: 23/23 MP: 2/2
   727 | D:1      | 727 ||| READING 2 scrolls labelled ODGHAD EXZUACO.
   731 | D:1      | 731 ||| READING scroll labelled ZOPIDWUVVO.
   732 | D:1      | 732 ||| DROPPING scroll of poison.
   779 | D:2      | 779 ||| STAIRDANCE
   827 | D:2      | Reached XP level 3. HP: 29/29 MP: 3/3
   929 | D:2      | Reached skill level 4 in Ranged Weapons
   956 | D:2      | HP: 3/29 [gnoll/+0 spear (8)]
   956 | D:2      | Slain by a gnoll

Levels and vault maps discovered:
D:1:      mainiacjoe_arrival_reflecting_pool, layout_loops_ring,
          dreamdust_ecumenical_altar_grove
D:2:      cheibrodos_greedy_goblins, layout_rooms, uniq_sigmund

Skill      XL: |  1  2  3 |
---------------+----------+-----
Ranged Weapons | 3 4 |  4.3
Fighting       | 2 |  2.0
Dodging        | |  2.1
Spellcasting   | |  1.0
Hexes          | |  2.0

Action                     || total
---------------------------++-------
   Fire: Sling             ||   103
    Use: Scroll            ||     2
 Armour: Robe              ||     5
  Dodge: Dodged            ||    25

Table legend:
 A = Non-vault XP
 B = Vault XP
 C = Vault XP percentage of total XP
 D = Non-vault monster count
 E = Vault monster count
 F = Vault count percentage of total count
                 A         B        C        D         E       F
            +---------+---------+-------+---------+---------+-------
      Total |      82 |       0 |   0.0 |      32 |       0 |   0.0
            +---------+---------+-------+---------+---------+-------
        D:1 |      38 |       0 |   0.0 |      22 |       0 |   0.0
        D:2 |      44 |       0 |   0.0 |      10 |       0 |   0.0
            +---------+---------+-------+---------+---------+-------
